 Dungeon Crawl Stone Soup version 0.23-a0-625-g1d2cd9b (console) character file.

2190 bli the Spear-Bearer (level 9, 0/115 HPs)
             Began as a Merfolk Berserker on Dec 24, 2018.
             Was a Priest of Trog.
             Slain by a two-headed ogre
             ... wielding a +0 giant spiked club
              (24 damage)
             ... on level 6 of the Dungeon.
             The game lasted 00:22:31 (5417 turns).

bli the Spear-Bearer (Merfolk Berserker)            Turns: 5417, Time: 00:22:32

Health: 0/115      AC:  2    Str: 22    XL:     9   Next: 33%
Magic:  0/9        EV: 18    Int:  6    God:    Trog [***...]
Gold:   266        SH:  0    Dex: 17    Spells: 8/8 levels left

rFire    . . .     SeeInvis .   b - +0 trident
rCold    . . .     Gourm    .   (no shield)
rNeg     . . .     Faith    .   y - +0 robe {Archmagi}
rPois    .         Spirit   +   (no helmet)
rElec    .         Reflect  .   N - scarf {Spirit}
rCorr    .         Harm     .   (no gloves)
MR       .....                  (no boots)
Stlth    ..........             l - amulet of the acrobat
HPRegen  0.29/turn              (no ring)
MPRegen  0.11/turn              (no ring)

@: berserking, very quick
A: change form in water, swift swim, stealthy swim
a: Berserk, Trog's Hand, Renounce Religion


You were on level 6 of the Dungeon.
You worshipped Trog.
Trog was most pleased with you.
You were hungry.

You visited 1 branch of the dungeon, and saw 6 of its levels.
You also visited: Ossuary.

You collected 266 gold pieces.

Inventory:

Hand Weapons
 a - a +0 spear
 b - a +0 trident (weapon)
 s - a +0 halberd
 A - a +0 scythe
Missiles
 e - 101 stones
 n - 7 javelins of penetration (quivered)
 t - 12 tomahawks
 w - 3 steel tomahawks
 F - 3 javelins
Armour
 r - a +0 buckler
 u - a +0 animal skin
 y - a +0 robe of the Archmagi (worn)
 z - a +1 cloak
 N - a scarf of spirit shield (worn)
Jewellery
 l - an amulet of the acrobat (around neck)
Wands
 d - a wand of flame (11)
 E - a wand of paralysis (11)
 O - a wand of acid (8)
Scrolls
 f - a scroll of magic mapping {unknown}
 g - 3 scrolls of immolation
 o - 3 scrolls of remove curse {unknown}
 q - 2 scrolls of enchant armour {unknown}
 v - 5 scrolls of identify {unknown}
 C - a scroll of enchant weapon {unknown}
 D - 3 scrolls of teleportation {unknown}
 G - a scroll of noise {unknown}
 H - a scroll of amnesia {unknown}
 I - a scroll of blinking {unknown}
 M - a scroll of fear {unknown}
 P - a scroll of fog {unknown}
Potions
 h - a potion of might
 i - 3 potions of heal wounds {unknown}
 j - a potion of mutation {unknown}
 k - a potion of resistance {unknown}
 m - 2 potions of curing {unknown}
 p - 3 potions of haste {unknown}
 x - a potion of agility {unknown}
 B - 4 potions of lignification {unknown}
 J - 3 potions of invisibility {unknown}
 K - a potion of ambrosia {unknown}
 L - a potion of flight {unknown}
 R - a potion of brilliance {unknown}
Comestibles
 c - 5 rations
 Q - 2 chunks of flesh


   Skills:
 + Level 9.4 Fighting
 + Level 12.9 Polearms
 * Level 3.1 Throwing
 + Level 1.3 Armour
 + Level 8.7 Dodging
 - Level 3.0 Stealth


You had 8 spell levels left.
You didn't know any spells.
Your spell library was empty.

Dungeon Overview and Level Annotations

Branches:
Dungeon (6/15)
 Temple: D:4-7

Altars:
Elyvilon
Gozag
Hepliaklqana
Makhleb
Nemelex Xobeh
Okawaru
Ru
Sif Muna
The Shining One

Annotations:
D:5 1 runed door, bli's ghost, novice DsAK


Message History

The two-headed ogre is lightly wounded.
The two-headed ogre hits you with a +0 giant spiked club!!
The two-headed ogre hits you with a +0 giant club!
You hit the two-headed ogre.
The two-headed ogre is moderately wounded.
A red film seems to cover your vision as you go berserk!
You feel yourself moving faster!
You feel mighty!
You are feeling hungry.
The two-headed ogre hits you with a +0 giant spiked club!!
* * * LOW HITPOINT WARNING * * *
The two-headed ogre misses you.
You hit the two-headed ogre.
The two-headed ogre is moderately wounded.
You puncture the two-headed ogre!
The two-headed ogre is severely wounded.
You puncture the two-headed ogre!
The two-headed ogre is almost dead.
The two-headed ogre barely misses you.
The two-headed ogre hits you with a +0 giant club!!
You die...

########.#
#........#
#.########
#.# ### #.#
#.. #.# #.#
.# #.# #.# .#
#.####### #.#
..# #.......#
#.# ..
#######.#
#.##.#### #.#
#@#..... #.#
#O#..#
#.####c...#
#....(..#.#
######.....(.
#######.. ##


You could see a two-headed ogre and a centaur.

Vanquished Creatures
  Pikel (D:6)
  2 wraiths (Ossuary)
  Duvessa (D:4)
  2 black bears (D:6)
  A sky beast (D:5)
  A centaur (D:5)
  2 ogres
  2 bullfrogs
  Dowan (D:4)
  2 scorpions
  2 wights (Ossuary)
  A howler monkey (D:5)
  A crimson imp (D:6)
  A centaur zombie (D:4)
  A jelly (D:6)
  A hound (D:4)
  2 orc priests
  An iguana (D:5)
  A worker ant zombie (D:5)
  6 gnolls
  3 adders
  3 adder zombies
  7 worms
  2 dart slugs (D:2)
  3 leopard geckos
  5 orcs
  A ball python (D:1)
  3 giant cockroaches
  9 goblins
  5 hobgoblins
  A quokka (D:3)
  3 bats
  4 frilled lizards
  2 hobgoblin skeletons (Ossuary)
  A jackal skeleton (D:5)
  7 kobolds
  3 kobold zombies (Ossuary)
  2 orc skeletons (Ossuary)
  An orc zombie (Ossuary)
  A quokka skeleton (D:4)
  4 rats
102 creatures vanquished.

Notes
Turn   | Place    | Note
-------+----------+-------------------------------------------
     0 | D:1      | bli the Merfolk Berserker began the quest for the Orb.
     0 | D:1      | Reached XP level 1. HP: 18/18 MP: 1/1
    45 | D:1      | Reached XP level 2. HP: 8/24 MP: 2/2
   185 | D:1      | Reached skill level 5 in Polearms
   782 | D:2      | Reached XP level 3. HP: 30/30 MP: 3/3
  1278 | D:2      | Reached skill level 10 in Polearms
  1278 | D:2      | Reached XP level 4. HP: 11/44 MP: 4/4
  1588 | D:2      | Reached skill level 11 in Polearms
  1806 | D:2      | Reached XP level 5. HP: 49/49 MP: 5/5
  1890 | D:2      | Found an iron altar of Okawaru.
  1895 | D:2      | Reached ** piety under Trog
  2126 | D:3      | Found a white marble altar of Elyvilon.
  2233 | D:3      | Noticed an ogre
  2245 | D:3      | Killed an ogre
  2299 | D:3      | Reached skill level 1 in Stealth
  2299 | D:3      | Reached XP level 6. HP: 40/57 MP: 6/6
  2899 | D:3      | Found an opulent altar of Gozag.
  2909 | D:3      | Found a deep blue altar of Sif Muna.
  2909 | D:3      | Found a sparkling altar of Nemelex Xobeh.
  2922 | D:3      | Found a glowing golden altar of the Shining One.
  2926 | D:3      | Found a hazy altar of Hepliaklqana.
  3101 | D:3      | Found a sacrificial altar of Ru.
  3230 | D:4      | Noticed Duvessa
  3230 | D:4      | Noticed Dowan
  3236 | D:4      | Killed Dowan
  3254 | D:4      | Killed Duvessa
  3254 | D:4      | Reached skill level 1 in Throwing
  3254 | D:4      | Reached XP level 7. HP: 8/63 MP: 7/7
  3767 | D:4      | Found a burning altar of Makhleb.
  4145 | D:5      | Entered Level 5 of the Dungeon
  4471 | D:5      | Found a runed door.
  4471 | D:5      | Noticed bli's ghost (novice DsAK)
  4602 | D:5      | Reached XP level 8. HP: 69/69 MP: 8/8
  4606 | D:5      | Reached *** piety under Trog
  4668 | D:5      | Found a sand-covered staircase.
  4675 | Ossuary  | Entered an ossuary
  4776 | Ossuary  | Noticed a flying skull
  4776 | Ossuary  | Noticed a wraith
  4783 | Ossuary  | Noticed a flying skull
  4785 | Ossuary  | Noticed a flying skull
  4813 | Ossuary  | Noticed a flying skull
  4818 | Ossuary  | Noticed a wraith
  4820 | Ossuary  | Killed a wraith
  4832 | Ossuary  | Noticed a flying skull
  4833 | Ossuary  | Noticed a wraith
  4848 | Ossuary  | Killed a wraith
  4863 | Ossuary  | Received a gift from Trog
  5126 | D:5      | Reached skill level 12 in Polearms
  5303 | D:6      | Reached XP level 9. HP: 68/76 MP: 9/9
  5326 | D:6      | Noticed Pikel
  5348 | D:6      | Killed Pikel
  5406 | D:6      | Noticed a two-headed ogre
  5417 | D:6      | Slain by a two-headed ogre

Vault maps used:
D:1:      lemuel_arrival_lava_pool, minmay_misc_feat_square, minmay_hexomino_u4
D:2:      first_ration, kennysheep_okawaru_gauntlet
D:3:      nicolae_ru_sacrificial_ziggurat, minmay_overflow_temple_star_hex,
          elyvilon_altar_4
D:4:      lightli_temple_of_fire, uniq_duvessa
D:5:      nicolae_ossuary_entry_plus, ebering_ghost_inner_flame
D:6:      minmay_temple_entry_statues_fountains, uniq_pikel
Ossuary:  ossuary_due_cavern

Skill      XL: |  1  2  3  4  5  6  7  8  9 |
---------------+----------------------------+-----
Polearms       | 5 10 11 12 | 12.9
Dodging        | 6 7 8 |  8.7
Fighting       | 8 9 |  9.4
Stealth        | 1 2 3 |  3.0
Throwing       | 1 2 3 |  3.1
Armour         | |  1.3

Action                   |  1- 3 |  4- 6 |  7- 9 || total
-------------------------+-------+-------+-------++-------
Melee: Spear             |   123 |    91 |       ||   214
       Trident           |       |    27 |   187 ||   214
Throw: Stone             |     1 |     1 |     2 ||     4
       Javelin           |       |    10 |    14 ||    24
       Tomahawk          |       |     8 |     3 ||    11
Invok: Berserk           |       |     2 |     1 ||     3
  Use: Potion            |     3 |       |       ||     3
 Stab: Sleeping          |     1 |     2 |    16 ||    19
  Eat: Chunk             |     1 |     7 |     5 ||    13
       Ration            |       |       |     1 ||     1
Armor: Animal skin       |     8 |       |       ||     8
       Robe              |       |       |    11 ||    11
Dodge: Dodged            |    84 |    39 |    74 ||   197

Table legend:
 A = Non-vault XP
 B = Vault XP
 C = Vault XP percentage of total XP
 D = Non-vault monster count
 E = Vault monster count
 F = Vault count percentage of total count
                 A         B        C        D         E       F
            +---------+---------+-------+---------+---------+-------
      Total |    1680 |    1379 |  45.1 |      77 |      25 |  24.5
            +---------+---------+-------+---------+---------+-------
        D:1 |      24 |       9 |  27.3 |      15 |       5 |  25.0
        D:2 |      65 |       4 |   5.8 |      16 |       2 |  11.1
        D:3 |     318 |       2 |   0.6 |      19 |       1 |   5.0
        D:4 |     149 |     219 |  59.5 |       9 |       2 |  18.2
        D:5 |     676 |       0 |   0.0 |      12 |       0 |   0.0
        D:6 |     448 |     607 |  57.5 |       6 |       1 |  14.3
    Ossuary |       0 |     538 | 100.0 |       0 |      14 | 100.0
            +---------+---------+-------+---------+---------+-------
